cohdb
Replays
Latest Replays
All Replays
Popular Replays
Top Player Replays
Match Explorer
How It Works
Community
CoH3 Stats
Reddit
Sign in to upload your games and track your stats! →
Sign in with Steam
Match 27716308
Unlisted
Match 27716308
Overview
Messages
Build Orders
End
Pioneer Squad
Construct Infanterie Kompanie
Grenadier Squad
MG 42 Machine Gun Team
Selects Breakthrough Battlegroup
Selects Assault Grenadiers
GrW 34 Mortar Team
Grenadier Squad
Construct Luftwaffe Kompanie
Medical Station
Jäger Squad
Luftwaffe Officer Quarters
Flak 30 Anti-aircraft Gun Team
Jäger Squad
Construct Panzergrenadier Kompanie
Civilian
President VeryStrange
鲨鱼辣椒:)
vjqpyz
my worst self
Illegal
Planeman5
on the road
0
0
Comments
sign in to comment!
No comments posted yet!